 Dungeon Crawl Stone Soup version 0.16-a0-1212-geefc3ab (webtiles) character file.

1453 Kashira the Cleaver (level 8, -13/39 HPs)
             Began as a Vine Stalker Berserker on Oct 12, 2014.
             Was a Priest of Trog.
             Mangled by Prince Ribbit (15 damage)
             ... on level 6 of the Dungeon.
             The game lasted 00:12:30 (4169 turns).

Kashira the Cleaver (Vine Stalker Berserker)        Turns: 4169, Time: 00:12:30

Health: -13/39     AC:  9    Str: 21    XL:     8   Next: 76%
Magic:  0/11       EV: 10    Int:  7    God:    Trog [***...]
Gold:   231        SH:  0    Dex: 15    Spells: 0 memorised, 7 levels left

rFire  + . .     SeeInvis .     a - +0 hand axe
rCold  x . .     Clarity  .     h - +0 ring mail
rNeg   . . .     SustAb   .     (no shield)
rPois  .         Gourm    .     l - +0 helmet
rElec  .         Spirit   +     g - +0 cloak (curse)
rCorr  +         Warding  .     (no gloves)
rMut   .         Stasis   .     w - +1 pair of boots
MR     ++...                    A - cursed amulet of resist corrosion
Stlth  +.........               y - ring of protection from magic
                                f - cursed ring of fire

@: very resistant to hostile enchantments, very unstealthy
A: fangs 3, regeneration 2, magic shield, antimagic bite, no device heal 3, rot
immunity
a: Burn Spellbooks, Berserk, Trog's Hand, Renounce Religion


You were on level 6 of the Dungeon.
You worshipped Trog.
Trog was most pleased with you.
You were not hungry.

You visited 1 branch of the dungeon, and saw 6 of its levels.
You also visited: Ossuary.

You collected 231 gold pieces.

Inventory:

Hand weapons
 a - a +0 hand axe (weapon)
Missiles
 d - 15 tomahawks (quivered)
 v - a throwing net
Armour
 g - a cursed +0 cloak (worn)
 h - a +0 ring mail (worn)
 l - a +0 helmet (worn)
 w - a +1 pair of boots (worn)
Magical devices
 D - a wand of teleportation (8)
Comestibles
 c - a bread ration
 q - 5 meat rations
 E - 5 fruits
Scrolls
 i - 6 scrolls of teleportation
 j - a scroll of noise
 k - a scroll of magic mapping {unknown}
 r - 4 scrolls of remove curse
 u - 4 scrolls of enchant weapon
 F - a scroll of holy word
 H - a scroll of identify
Jewellery
 f - a cursed ring of fire (left hand)
 y - a ring of protection from magic (right hand)
 A - a cursed amulet of resist corrosion (around neck)
 B - a cursed +1 ring of evasion {unknown}
Potions
 b - 2 potions of poison
 e - 3 potions of magic
 o - 2 potions of restore abilities {unknown}
 p - 3 potions of haste {unknown}
 s - 2 potions of might
 t - a potion of cure mutation {unknown}
 x - a potion of lignification {unknown}
 z - a potion of cancellation
 C - 4 potions of curing
 G - a potion of mutation {unknown}
 I - a potion of degeneration {unknown}
 J - 3 potions of brilliance
 K - a potion of flight {unknown}
Books
 m - a book of Alchemy

   Spells                             Type                      Level
   Sublimation of Blood               Necromancy                   2
   Alistair's Intoxication            Transmutation/Poison         4
   Condensation Shield                Ice                          4
   Petrify                            Transmutation/Earth          4
   Ignite Poison                      Fire/Transmutation           5
   Trog disapproves of the use of such an item.


   Skills:
 - Level 2.6 Fighting
 * Level 10.0 Axes
 - Level 1.6 Armour
 - Level 1.5 Dodging


You had 7 spell levels left.
You didn't know any spells.

Dungeon Overview and Level Annotations

Branches:
Dungeon (6/15)             Temple (0/1) D:6

Altars:
Dithmenos
Makhleb
Yredelemnul
Zin

Annotations:
D:6 Prince Ribbit


Innate Abilities, Weirdness & Mutations

You have razor-sharp teeth.
You heal very quickly.
When hurt, damage is shared between your health and your magic reserves.
Your bite disrupts and absorbs the magic of your enemies.
Potions and wands cannot restore your health.
You are immune to rotting.


Message History

Prince Ribbit momentarily phases out as your attack passes through him.
Your bite misses Prince Ribbit.
Prince Ribbit hits you but does no damage.
Prince Ribbit momentarily phases out as your attack passes through him.
Your bite misses Prince Ribbit. Prince Ribbit barely misses you.
Use which ability? (? or * to list)
Your black bear goes berserk!
You feel somewhat more hungry.
You can no longer call in reinforcements.
Prince Ribbit hits you! x2
* * * LOW HITPOINT WARNING * * *
Your black bear misses Prince Ribbit.
Your black bear closely misses Prince Ribbit. x2
Read which item? (? for menu, Esc to quit)
As you read the scroll labeled WUAMNA PIRE, it crumbles to dust.
It is a scroll of recharging.
Charge which item? (? for menu, Esc to quit)
Your wand of teleportation glows for a moment.
Prince Ribbit hits you!
You die...

###########################
........hF@................
###########################
####### ####### #......
......# #.##### #####.#
#.#.... #.# ###### #####
#.#.###


You could see Prince Ribbit and a friendly black bear (berserk).

Vanquished Creatures
  Menkaure (D:5)
  A centaur (D:5)
  2 phantoms
  Duvessa (D:4)
  2 elf zombies (D:5)
  7 scorpions (Ossuary)
  Dowan (D:4)
  3 human zombies (Ossuary)
  An orc priest (D:5)
  A centaur skeleton (D:6)
  An orc wizard (D:5)
  4 worker ants
  A big kobold zombie (Ossuary)
  3 mummies (Ossuary)
  4 gnolls (D:5)
  4 scorpion zombies (Ossuary)
  3 adders
  A shadow imp (D:5)
  2 giant mites (D:2)
  2 worms
  6 giant geckos
  7 orcs
  A ball python (D:2)
  3 giant cockroaches
  8 hobgoblins
  4 jackals (D:1)
  6 kobolds
  3 quokkas
  7 bats
  A giant newt (D:6)
  3 gnoll zombies (Ossuary)
  8 goblins
  3 goblin zombies (Ossuary)
  2 hobgoblin zombies (Ossuary)
  3 kobold zombies (Ossuary)
  An orc skeleton (D:5)
  2 orc zombies (D:5)
  A quokka skeleton (D:4)
  11 rats
125 creatures vanquished.

Notes
Turn   | Place    | Note
--------------------------------------------------------------
     0 | D:1      | Kashira, the Vine Stalker Berserker, began the quest for the Orb.
     0 | D:1      | Reached XP level 1. HP: 11/11 MP: 1/1
    82 | D:1      | Reached skill level 3 in Axes
   165 | D:1      | Reached XP level 2. HP: 16/16 MP: 3/3
   409 | D:2      | Acquired Trog's second power
   455 | D:2      | Reached XP level 3. HP: 16/19 MP: 2/4
   545 | D:2      | Reached skill level 4 in Axes
   769 | D:2      | Reached XP level 4. HP: 23/23 MP: 5/5
  1078 | D:2      | Found a burning altar of Makhleb.
  1080 | D:2      | Noticed a blizzard demon
  1082 | D:2      | Found a glowing silver altar of Zin.
  1082 | D:2      | Noticed an angel
  1347 | D:3      | Found a basalt altar of Yredelemnul.
  1666 | D:4      | Reached skill level 5 in Axes
  1666 | D:4      | Reached XP level 5. HP: 24/27 MP: 7/7
  2027 | D:4      | Noticed Dowan
  2042 | D:4      | Killed Dowan
  2044 | D:4      | Noticed Duvessa
  2053 | D:4      | Killed Duvessa
  2053 | D:4      | Reached skill level 6 in Axes
  2053 | D:4      | Gained mutation: You heal very quickly. [vine stalker growth]
  2053 | D:4      | Reached XP level 6. HP: 31/32 MP: 5/8
  2136 | D:4      | Noticed a phantom
  2177 | D:4      | Killed a phantom
  2216 | D:5      | Entered Level 5 of the Dungeon
  2324 | D:5      | Reached skill level 7 in Axes
  2324 | D:5      | Reached XP level 7. HP: 35/35 MP: 9/9
  2327 | D:5      | Acquired Trog's third power
  2485 | D:5      | Found a sand-covered staircase.
  2492 | Ossuary  | Entered an ossuary
  2525 | Ossuary  | Reached skill level 8 in Axes
  2678 | Ossuary  | Gained mutation: You have razor-sharp teeth. [vine stalker growth]
  2678 | Ossuary  | Reached XP level 8. HP: 32/39 MP: 11/11
  2787 | Ossuary  | Reached skill level 9 in Axes
  3055 | D:5      | Noticed Menkaure
  3063 | D:5      | Killed Menkaure
  3141 | D:5      | Found a shadowy altar of Dithmenos.
  3574 | D:6      | Found a staircase to the Ecumenical Temple.
  3663 | D:6      | Reached skill level 10 in Axes
  4159 | D:6      | Noticed Prince Ribbit
  4167 | D:6      | HP: 1/39 [Prince Ribbit (12)]
  4169 | D:6      | Mangled by Prince Ribbit

Action                   |  1- 3 |  4- 6 |  7- 9 || total
-------------------------+-------+-------+-------++-------
Melee: Hand axe          |    92 |   165 |   273 ||   530
Invok: Berserk           |     1 |     2 |     1 ||     4
       Trog's Hand       |       |     1 |     1 ||     2
       Brothers in Arms  |       |       |     1 ||     1
  Use: Scroll            |       |    10 |     7 ||    17
  Eat: Meat ration       |       |     1 |     1 ||     2
       Pizza             |       |     1 |     1 ||     2
       Bread ration      |       |     1 |       ||     1
       Chunk             |       |       |     1 ||     1
